[Event "93rd FRA-ch 2018"]
[Site "Nimes"]
[Date "2018.08.19"]
[Round "2"]
[White "Gharamian, Tigran"]
[Black "Edouard, Romain"]
[Result "1-0"]
[ECO "B63"]
[WhiteElo "2614"]
[BlackElo "2638"]
[Annotator "ChessBase"]
[PlyCount "81"]
[EventDate "2018.08.18"]
[EventType "tourn"]
[EventCountry "FRA"]
[SourceTitle "playchess.com"]
[Source "ChessBase"]
[SourceQuality "1"]
[TimeControl "40/5400+30:1800+30"]

1. e4 c5 2. Nf3 d6 3. d4 cxd4 4. Nxd4 Nf6 5. Nc3 Nc6 6. Bg5 e6 7. Qd2 Qb6 8. Nb3 Be7 9. Bxf6 Bxf6 10. Qxd6 Be5 11. Qa3 Qb4 12. Qxb4 Nxb4 13. O-O-O Ke7 14. a3 Nc6 15. Bb5 Nb8 16. Ne2 g5 17. g3 b6 18. f4 gxf4 19. gxf4 Bc7 20. Rhg1 Bb7 21. e5 a6 22. Bd3 Nd7 23. Nc3 Rag8 24. Be4 Bc8 25. Nd4 Nb8 26. Rg3 b5 27. Nf5+ exf5 28. Nd5+ Kf8 29. Nxc7 Rxg3 30. hxg3 Kg7 31. Bf3 Nd7 32. Nxa6 Nxe5 33. fxe5 Bxa6 34. Rd6 Bc8 35. Bc6 h5 36. Rd4 Rh6 37. Bxb5 Rg6 38. Be2 Rxg3 39. Bxh5 Re3 40. Kd2 Rxe5 41. Bf3 1-0

[Event "93rd FRA-ch 2018"]
[Site "Nimes"]
[Date "2018.08.19"]
[Round "2"]
[White "Le Roux, Jean-Pierre"]
[Black "Loiseau, Quentin"]
[Result "1/2-1/2"]
[ECO "B23"]
[WhiteElo "2539"]
[BlackElo "2417"]
[Annotator "RC"]
[PlyCount "84"]
[EventDate "2018.08.18"]
[EventType "tourn"]
[EventCountry "FRA"]
[SourceTitle "playchess.com"]
[Source "ChessBase"]
[SourceQuality "1"]
[TimeControl "40/5400+30:1800+30"]

1. e4 c5 2. Nc3 Nc6 3. Nge2 Nf6 4. g3 g6 5. Bg2 Bg7 6. d3 d6 7. h3 O-O 8. O-O Rb8 9. a4 a6 10. f4 Nd7 11. f5 e6 12. g4 b5 13. axb5 axb5 14. g5 Be5 15. Nf4 Nd4 16. f6 Bb7 17. Nce2 Ra8 18. Rxa8 Qxa8 19. c3 Nxe2+ 20. Nxe2 d5 21. d4 Bc7 22. e5 b4 23. Nf4 bxc3 24. bxc3 cxd4 25. cxd4 Qa7 26. Kh1 Bb6 27. Qg4 Re8 28. Qh4 Kh8 29. Be3 Rg8 30. Bg1 Qa3 31. Qg4 Ba6 32. Rd1 Qb3 33. h4 Nf8 34. Ra1 Bc4 35. h5 Qb2 36. Rd1 gxh5 37. Qxh5 Ng6 38. Nxg6+ Rxg6 39. Qh4 Ba5 40. Bf3 Be2 41. Qf2 Bxf3+ 42. Qxf3 Rxg5 1/2-1/2

[Event "93rd FRA-ch 2018"]
[Site "Nimes"]
[Date "2018.08.26"]
[Round "18"]
[White "Gharamian, Tigran"]
[Black "Edouard, Romain"]
[Result "1-0"]
[ECO "B30"]
[WhiteElo "2614"]
[BlackElo "2638"]
[Annotator "RC"]
[PlyCount "127"]
[EventDate "2018.08.18"]
[EventType "tourn"]
[EventCountry "FRA"]
[SourceTitle "playchess.com"]
[Source "ChessBase"]
[SourceQuality "1"]
[TimeControl "300+3"]

1. e4 c5 2. Nf3 Nc6 3. Bb5 e6 4. O-O Nge7 5. d4 cxd4 6. Nxd4 Qc7 7. Be2 d5 8. exd5 Nxd5 9. Nxc6 bxc6 10. c4 Nf6 11. Nc3 Bd6 12. h3 O-O 13. Bf3 Rb8 14. Qc2 a6 15. b3 c5 16. Be3 Bd7 17. Rad1 Bf4 18. Bxf4 Qxf4 19. Ne4 Qc7 20. Nxf6+ gxf6 21. Qd2 Rfd8 22. Qh6 Qe5 23. Rfe1 Qg5 24. Qxg5+ fxg5 25. Re5 Rbc8 26. Rxg5+ Kf8 27. Re5 Ke7 28. Re2 Be8 29. Red2 Rxd2 30. Rxd2 Rc7 31. g4 a5 32. Kg2 a4 33. g5 f6 34. gxf6+ Kxf6 35. Rd6 axb3 36. axb3 Ke5 37. Rd3 Bg6 38. Re3+ Kf6 39. Be4 Bf5 40. Bxf5 Kxf5 41. Kf3 e5 42. Ke2 Ra7 43. Kd3 Ra3 44. Rf3+ Ke6 45. Kc3 Ra2 46. Rf8 e4 47. h4 Re2 48. h5 e3 49. Re8+ Kd7 50. Rxe3 Rxf2 51. Re5 Kd6 52. Rd5+ Kc6 53. Re5 Rh2 54. Re6+ Kb7 55. Rh6 Kc7 56. Rxh7+ Kb6 57. h6 Ka5 58. Rh8 Rh3+ 59. Kb2 Kb4 60. Rb8+ Ka5 61. Rb5+ Ka6 62. Rxc5 Rxh6 63. Rg5 Kb6 64. b4 1-0